 Dungeon Crawl Stone Soup version 0.30.1-3-gfc49f6343a (webtiles) character file.

Game seed: 14497351122313406550

130 Kranky the Trooper (level 4, -2/36 (41) HPs)
             Began as a Minotaur Berserker on Aug 3, 2023.
             Was a Believer of Trog.
             Slain by a wight
             ... wielding a +3 morningstar of freezing
              (3 damage)
             ... on level 3 of the Dungeon.
             The game lasted 00:02:03 (1894 turns).

Kranky the Trooper (Minotaur Berserker)             Turns: 1894, Time: 00:02:04

HP:   -2/36 (41)    AC:  3    Str: 23    XL:     4   Next: 89%
MP:   3/3           EV: 12    Int:  4    God:    Trog [**....]
Gold: 89            SH:  0    Dex: 10    Spells: 3/3 levels left

rFire   . . .        a - +0 spear
rCold   . . .        (no shield)
rNeg    . . .        b - +0 animal skin
rPois   .            (helmet restricted)
rElec   .            (no cloak)
rCorr   .            (no gloves)
SInv    .            l - +0 pair of boots
Will    .....        (no amulet)
Stlth   +            (no ring)
HPRegen 0.26/turn    (no ring)
MPRegen 0.08/turn

%: no passive effects
@: heavily drained
A: horns 2, retaliatory headbutt
a: Renounce Religion, Berserk, Trog's Hand


You were on level 3 of the Dungeon.
You worshipped Trog.
Trog was pleased with you.
You visited 1 branch of the dungeon, and saw 3 of its levels.

You collected 89 gold pieces.

Inventory:

Hand Weapons
 a - a +0 spear (weapon)
Missiles
 j - 10 curare-tipped darts (quivered)
Armour
 b - a +0 animal skin (worn)
 l - a +0 pair of boots (worn)
Jewellery
 i - a ring of resist corrosion
Scrolls
 c - 2 scrolls of identify {unknown}
 g - 3 scrolls of immolation {unknown}
 h - a scroll of magic mapping {unknown}
 n - 5 scrolls of fog {unknown}
 p - a scroll of teleportation {unknown}
 r - a scroll of fear {unknown}
 t - a scroll of noise {unknown}
 u - a scroll of enchant weapon {unknown}
Potions
 d - 2 potions of attraction {unknown}
 e - a potion of berserk rage {unknown}
 f - a potion of experience {unknown}
 k - a potion of degeneration {unknown}
 m - a potion of haste {unknown}
 o - a potion of brilliance {unknown}
 q - 2 potions of curing {unknown}
 s - a potion of invisibility {unknown}


   Skills:
 + Level 4.6 Fighting
 + Level 4.5 Polearms
 + Level 3.7 Armour
 + Level 3.3 Dodging


You had 3 spell levels left.
You didn't know any spells.
Your spell library was empty.

Dungeon Overview and Level Annotations

Branches:
Dungeon (3/15)

Altars:

Shops:
D:2 (


Innate Abilities, Weirdness & Mutations

You have a pair of horns on your head.
You reflexively headbutt those who attack you in melee.


Message History

The worm closely misses you.
There are monsters nearby!
You puncture the worm!
The worm is heavily wounded.
There are monsters nearby!
You barely miss the worm.
The worm is heavily wounded.
The worm barely misses you. You furiously retaliate!
You headbutt the worm, but do no damage.
There are monsters nearby!
You hit the worm but do no damage.
The worm is heavily wounded.
There are monsters nearby!
You barely miss the worm.
The worm is heavily wounded.
The worm bites you but does no damage.
There are monsters nearby!
You hit the worm. You punch the worm.
You kill the worm!
Trog accepts your kill.
There are monsters nearby!
You hit the wight but do no damage. Your headbutt misses the wight.
The wight hits you with a +3 morningstar of freezing.
You feel drained. The wight freezes you. The wight barely misses you.
There are monsters nearby!
You closely miss the wight. You hit the wight but do no damage.
The wight barely misses you. The wight hits you with a +3 falchion!
You feel drained.
There are monsters nearby!
You hit the wight.
The wight is moderately damaged.
The wight misses you.
The wight hits you with a +3 morningstar of freezing!
The wight freezes you.
* * * LOW HITPOINT WARNING * * *
The wight attacks as you move away!
The wight hits you with a +3 morningstar of freezing.
* * * LOW HITPOINT WARNING * * *
You feel drained. The wight freezes you.
You die...

#.# ##.### # ##....# .. . #.
...#.# #... ..
#.#.###..#.##..... .)
#.#......#.z....!. #
#....)...#@##.... ..## #
##..........z...... .....##
..^#....##.##.....#.#......
#.#......................#
#......#..#.#.#.##........
#.)........... .......#.#
######..#.....##.#.. .........
......................##......#
######........##.#.#...(...<...


You could see 2 wights.

Vanquished Creatures
  Natasha (D:3)
  An orc wizard (D:3)
  2 adders
  4 worms
  A dart slug (D:1)
  5 orcs (D:3)
  2 giant cockroaches (D:1)
  5 goblins
  5 hobgoblins
  2 kobolds (D:1)
  A quokka (D:1)
  4 ball pythons
  5 bats
  5 frilled lizards
  4 rats
47 creatures vanquished.

Notes
Turn   | Place    | Note
-------+----------+-------------------------------------------
     0 | D:1      | Kranky the Minotaur Berserker began the quest for the Orb.
     0 | D:1      | Reached XP level 1. HP: 19/19 MP: 0/0
   188 | D:1      | Reached XP level 2. HP: 25/27 MP: 1/1
   323 | D:1      | Found a faded altar of an unknown god.
  1081 | D:2      | Reached XP level 3. HP: 30/33 MP: 2/2
  1323 | D:2      | Found Ulupun's Antique Weapon Emporium.
  1455 | D:3      | Reached ** piety under Trog
  1472 | D:3      | Reached XP level 4. HP: 27/41 MP: 3/3
  1550 | D:3      | Noticed Natasha
  1568 | D:3      | Killed Natasha
  1894 | D:3      | HP: 1/38 [wight/+3 morningstar of freezing (6)]
  1894 | D:3      | Slain by a wight

Illustrated notes

Levels and vault maps discovered:
D:1:      wheals_arrival_linesprint, layout_basic, ebering_ecumenical_altar_box
D:2:      layout_basic, serial_shops, nicolae_shop_tiny_waterfront
D:3:      layout_basic, uniq_natasha, uniq_robin

Skill      XL: |  1  2  3 |
---------------+----------+-----
Polearms       | 4 |  4.5
Fighting       | 4 |  4.6
Armour         | 3 |  3.7
Dodging        | 3 |  3.3

Action                     |  1- 3 |  4- 6 || total
---------------------------+-------+-------++-------
  Melee: Spear             |    90 |    50 ||   140
         Headbutt          |    10 |     3 ||    13
         Punch             |       |     1 ||     1
   Stab: Sleeping          |     1 |       ||     1
 Armour: Animal skin       |    13 |     8 ||    21
  Dodge: Dodged            |    28 |    20 ||    48
